 Dungeon Crawl Stone Soup version 0.28.0-53-g5a82cb258f (webtiles) character file.

Game seed: 15541593746506029311

6239 StoopidFlanders the Grappler (level 10, -2/96 HPs)
             Began as a Troll Warper on June 22, 2022.
             Was a Believer of Dithmenos.
             Shot with an arrow by a centaur (5 damage)
             ... on level 9 of the Dungeon.
             The game lasted 00:24:14 (7272 turns).

StoopidFlanders the Grappler (Troll Warper)         Turns: 7272, Time: 00:24:16

Health: -2/96      AC:  7    Str: 25    XL:     10   Next: 62%
Magic:  8/10       EV: 10    Int: 17    God:    Dithmenos [**....]
Gold:   406        SH:  0    Dex: 16    Spells: 1/11 levels left

rFire   . . .      SeeInvis .   a - +9 dagger of the Lurker {vorpal, Dex+7}
rCold   . . .      Faith    .   (no shield)
rNeg    + . .      Spirit   .   C - +2 robe {Archmagi}
rPois   .          Reflect  .   (helmet restricted)
rElec   .          Harm     .   w - +0 cloak
rCorr   .          Rampage  .   (gloves unavailable)
Will    +....      Archmagi +   (boots unavailable)
Stlth   +++.......              (no amulet)
HPRegen 1.06/turn               i - ring of willpower
MPRegen 0.12/turn               l - ring of Meare {rN+ Str+4 Int+4}

@: on blink cooldown, wreathed by umbra
A: large, unfitting armour, claws 3, regeneration 1, shaggy fur 1, tough skin 1
a: Renounce Religion, Shadow Step


You were on level 9 of the Dungeon.
You worshipped Dithmenos.
Dithmenos was pleased with you.
You visited 2 branches of the dungeon, and saw 10 of its levels.
You also visited: Bailey.

You collected 406 gold pieces.

Inventory:

Hand Weapons
 a - the +9 dagger of the Lurker (weapon) {vorpal, Dex+7}
   (You found it on level 8 of the Dungeon)

   It inflicts extra damage upon your enemies.
   Dex:       It affects your dexterity (+7).
Missiles
 c - 5 boomerangs of dispersal (quivered)
 n - 9 boomerangs
 E - a throwing net
Armour
 w - a +0 cloak (worn)
 C - a +2 robe of the Archmagi (worn)
Jewellery
 i - a ring of willpower (left claw)
 l - the ring of Meare (right claw) {rN+ Str+4 Int+4}
   (You acquired it on level 8 of the Dungeon)

   [ring of positive energy]

   Str:       It affects your strength (+4).
   Int:       It affects your intelligence (+4).
   rN:        It protects you from negative energy.
 t - a ring of flight
Wands
 q - a wand of mindburst (3)
 r - a wand of digging (8)
 u - a wand of acid (6)
 A - a wand of charming (4)
 B - a wand of iceblast (6)
Scrolls
 e - a scroll of fear
 g - 2 scrolls of fog
 h - 3 scrolls of silence
 p - 2 scrolls of teleportation
 y - 5 scrolls of identify
 D - a scroll of enchant armour
Potions
 b - 2 potions of cancellation {unknown}
 d - 3 potions of brilliance {unknown}
 f - 6 potions of haste
 j - 2 potions of lignification {unknown}
 k - a potion of experience {unknown}
 m - 4 potions of mutation {unknown}
 o - 2 potions of resistance {unknown}
 s - 2 potions of heal wounds
 v - 2 potions of curing {unknown}
 x - a potion of attraction {unknown}
 z - a potion of invisibility


   Skills:
 - Level 5.0 Fighting
 - Level 0.8 Throwing
 - Level 1.9 Dodging
 * Level 1.9 Stealth
 - Level 11.9 Unarmed Combat
 - Level 1.2 Spellcasting
 * Level 7.1 Translocations


You had one spell level left.
You knew the following spells:

 Your Spells              Type           Power      Damage    Failure   Level
a - Blink                 Tloc           76%        N/A       1%          2
b - Lesser Beckoning      Tloc           38%        N/A       3%          3
c - Manifold Assault      Tloc           38%        N/A       30%         5

Your spell library contained the following spells:

 Spells                   Type           Power      Damage    Failure   Level
 Magic Dart               Conj           4%         1d3       22%         1
 Sandblast                Erth           2%         2d4       22%         1
 Gell's Gravitas          Tloc           38%        N/A       3%          3
 Teleport Other           Tloc           38%        N/A       3%          3
 Passwall                 Tmut/Erth      0%         N/A       32%         2
 Searing Ray              Conj           2%         2d4       32%         2
 Sublimation of Blood     Necr           1%         N/A       32%         2
 Wereblood                Tmut           1%         N/A       32%         2
 Ozocubu's Armour         Ice            1%         N/A       54%         3
 Stone Arrow              Conj/Erth      2%         3d7       54%         3
 Fulminant Prism          Conj/Hex       0%         3d6       91%         4
 Metabolic Englaciation   Hex/Ice        0%         N/A       99%         5
 Conjure Ball Lightning   Conj/Air       0%         3x3d6     100%        6
 Simulacrum               Ice/Necr       0%         N/A       100%        6
 Summon Hydra             Summ           0%         N/A       100%        7
 Discord                  Hex            0%         N/A       100%        8
 Disjunction              Tloc           19%        N/A       100%        8


Dungeon Overview and Level Annotations

Branches:
Dungeon (9/15)             Temple (1/1) D:6            Lair (0/6) D:9
 Bailey (visited)
    Orc: D:9-12

Altars:
Ashenzari
Cheibriados
Dithmenos
Elyvilon
Fedhas
Gozag
Hepliaklqana
Kikubaaqudgha
Makhleb
Nemelex Xobeh
Okawaru
Qazlal
Ru
Sif Muna
Trog
Uskayaw
Vehumet
Wu Jian
Xom
Yredelemnul
Zin
The Shining One

Shops:
D:5 *   D:6 (


Innate Abilities, Weirdness & Mutations

You are too large for most types of armour.
You have claws for hands.
Your natural rate of healing is unusually fast.
You are covered in fur. (AC +1)
You have tough skin. (AC +1)


Message History

Confirm with . or Enter, or press ? or * to list all spells.
You feel a surge of power!
You blink.
You feel stable enough to blink again. 2 yaks come into view.
The yak moves out of view.
A yak comes into view.
Found a wand of iceblast (5).
The yak bellows!
You hear a bellow!
You hear a shout!
The yak bellows!
You see here a wand of iceblast (5).
B - a wand of iceblast (7) (gained 5 charges)
You open the door. The two-headed ogre misses you.
The two-headed ogre barely misses you.
There is an open door here.
Aiming: Iceblast
Press: ? - help, Shift-Dir - straight line, f - two-headed ogre
Aim: a two-headed ogre, wielding a +0 giant club and a +0 dire flail (heavily wounded, umbra)
The mass of ice explodes!
The iceblast engulfs the two-headed ogre!
The two-headed ogre is severely wounded.
The iceblast engulfs the yak!
The yak is moderately wounded.
The iceblast engulfs the yak!
The yak is moderately wounded.
You hit the two-headed ogre.
The two-headed ogre is severely wounded.
The two-headed ogre hits you with a +0 giant club!!
The two-headed ogre hits you with a +0 dire flail!
You puncture the two-headed ogre!
The two-headed ogre is almost dead.
The two-headed ogre hits you with a +0 giant club!!
* * * LOW HITPOINT WARNING * * *
The two-headed ogre hits you with a +0 dire flail!
* * * LOW HITPOINT WARNING * * *
Casting: Blink (safe; 1% risk of failure)
Confirm with . or Enter, or press ? or * to list all spells.
You feel a surge of power!
You blink.
A centaur comes into view.
The centaur wields a +0 shortbow.
The centaur shoots an arrow.
The arrow hits you.
You die...

.#...### #...#####.....##
.###.# ##.## ##...## .# #.#
#ยง# ##.## .###.### #O# #.#
.......# ##'## #.# .###.#.#
##.YY## #.# .##....#
##..Y..## ##.## .##....#
##.......## #...##
.##....###......@..###.#..##
.........+.........+.......#
###...####.........####...##
##.## ##.......## ##.### #.#
##.....## #....# #.#
##...#######..#.# #.#
##........#..#.# .#
#c######.#....# .# #.
#.#.#..#


You could see a two-headed ogre, 3 yaks and a centaur.

Vanquished Creatures
  2 two-headed ogres
  An orc knight (Bailey)
  An elephant (D:9)
  Sigmund (D:7)
  A yak (D:8)
  A basilisk (D:8)
  Edmund (D:7)
  4 orc warriors
  2 black bears
  3 sky beasts
  2 centaurs
  2 ogres (D:6)
  4 necrophages
  2 bullfrogs
  2 gnoll sergeants
  3 scorpions
  2 water moccasin zombies
  A wyvern skeleton (D:7)
  2 howler monkeys
  2 jellies
  5 hounds
  3 centaur zombies (D:8)
  A centaur skeleton (D:7)
  A gnoll shaman (D:7)
  7 orc priests
  A bullfrog skeleton (D:5)
  4 iguanas
  9 orc wizards
  2 howler monkey zombies
  23 gnolls
  A howler monkey skeleton (D:5)
  6 adders
  4 dart slugs
  38 orcs
  8 ball pythons
  12 endoplasms
  2 giant cockroaches
  6 goblins
  9 hobgoblins
  2 jackals (D:1)
  4 quokkas
  7 bats
  7 frilled lizards
  12 kobolds
  8 rats
221 creatures vanquished.

Vanquished Creatures (collateral kills)
  A gnoll (Bailey)
1 creature vanquished.

Vanquished Creatures (others)
  A two-headed ogre (D:8)
  6 plants
7 creatures vanquished.

Grand Total: 229 creatures vanquished

Notes
Turn   | Place    | Note
-------+----------+-------------------------------------------
     0 | D:1      | StoopidFlanders the Troll Warper began the quest for the
                  | Orb.
     0 | D:1      | Reached XP level 1. HP: 19/19 MP: 1/1
    36 | D:1      | Found a faded altar of an unknown god.
    99 | D:1      | Reached XP level 2. HP: 27/27 MP: 2/2
   173 | D:1      | Reached skill level 3 in Unarmed Combat
   354 | D:1      | Reached XP level 3. HP: 30/33 MP: 3/3
  1000 | D:2      | Reached skill level 4 in Unarmed Combat
  1236 | D:2      | Reached XP level 4. HP: 41/41 MP: 4/4
  1684 | D:3      | Reached skill level 5 in Unarmed Combat
  1711 | D:3      | Reached XP level 5. HP: 43/48 MP: 5/5
  1941 | D:3      | Found a shimmering altar of Xom.
  2393 | D:4      | Reached skill level 6 in Unarmed Combat
  2446 | D:4      | Noticed a necrophage
  2467 | D:4      | Killed a necrophage
  2468 | D:4      | Reached XP level 6. HP: 50/55 MP: 6/6
  2802 | D:4      | Reached skill level 7 in Unarmed Combat
  2883 | D:5      | Entered Level 5 of the Dungeon
  2926 | D:5      | Identified the +2 scale mail of the Sky {Fly rF- Regen+
                  | Str+3}
  2971 | D:5      | Reached XP level 7. HP: 47/62 MP: 7/7
  3031 | D:5      | Reached skill level 8 in Unarmed Combat
  3293 | D:5      | Found Seuleosm's Assorted Antiques.
  3383 | D:5      | Reached skill level 9 in Unarmed Combat
  3668 | D:6      | Reached XP level 8. HP: 62/70 MP: 8/8
  3673 | D:6      | Noticed a two-headed ogre
  3681 | D:6      | Reached skill level 10 in Unarmed Combat
  3758 | D:6      | Killed a two-headed ogre
  3759 | D:6      | Reached skill level 11 in Unarmed Combat
  3759 | D:6      | Reached XP level 9. HP: 49/76 MP: 9/9
  3789 | D:6      | Learned a level 2 spell: Blink
  4104 | D:6      | Found a staircase to the Ecumenical Temple.
  4115 | D:6      | Found Lycaogeg's Antique Weapon Emporium.
  4123 | Temple   | Entered the Ecumenical Temple
  4192 | Temple   | Became a worshipper of Dithmenos the Shadowed
  4211 | D:6      | Learned a level 3 spell: Lesser Beckoning
  4557 | D:7      | Reached * piety under Dithmenos
  4623 | D:7      | Found a flagged portal.
  4632 | Bailey   | Entered a bailey
  4815 | Bailey   | Noticed an orc knight
  4875 | Bailey   | Killed an orc knight
  4980 | Bailey   | Learned a level 5 spell: Manifold Assault
  5112 | D:7      | Reached skill level 5 in Translocations
  5274 | D:7      | Noticed Sigmund
  5285 | D:7      | Killed Sigmund
  5313 | D:7      | Noticed Edmund
  5352 | D:7      | Killed Edmund
  5353 | D:7      | Reached XP level 10. HP: 50/82 MP: 10/10
  5549 | D:8      | Noticed a two-headed ogre
  5577 | D:8      | Acquired the ring of Meare {rN+ Str+4 Int+4}
  5624 | D:8      | Noticed a two-headed ogre
  5646 | D:8      | Killed a two-headed ogre
  5705 | D:8      | Reached ** piety under Dithmenos
  5905 | D:8      | Identified the +9 dagger of the Lurker {vorpal, Dex+7}
  6077 | D:8      | Reached skill level 5 in Fighting
  6397 | D:9      | Found a staircase to the Lair.
  6397 | D:9      | Noticed an elephant
  6634 | D:9      | Reached skill level 1 in Stealth
  6644 | D:9      | Killed an elephant
  7223 | D:9      | Noticed a two-headed ogre
  7271 | D:9      | HP: 2/96 [two-headed ogre/+0 giant club (15)]
  7272 | D:9      | Shot with an arrow by a centaur

Illustrated notes

Levels and vault maps discovered:
D:1:      mrwooster_arrival_arrow, layout_basic, ebering_ecumenical_altar_mist
D:2:      layout_rooms, serial_bayou_pond_c, grunt_ministairs_10,
          serial_bayou_pond_a, minmay_misc_feat_square, minivault_24,
          fountainhead
D:3:      layout_basic, mainiacjoe_overflow_catwalk
D:4:      minmay_wonky_spiral, layout_gridville
D:5:      layout_basic, serial_shops, nicolae_shop_overgrown_old_shop,
          minmay_lizard_king
D:6:      layout_basic, minmay_temple_entry_wispy, serial_shops,
          nicolae_stop_n_shop_1, st_stairs_13
D:7:      layout_rooms, enter_bailey_1, sigmund_edmund_badplayer
D:8:      layout_basic
D:9:      layout_loops_corners, david_lair_generic
Temple:   compressed_dpeg_circular_temple

Skill      XL: |  1  2  3  4  5  6  7  8  9 10 |
---------------+-------------------------------+-----
Unarmed Combat | 3 4 5 6 7 9 11 | 11.9
Fighting       | 4 5 |  5.0
Translocations | 5 7 |  7.1
Stealth        | 1 |  1.9
Throwing       | |  0.8
Dodging        | |  1.9
Spellcasting   | |  1.2

Action                   |  1- 3 |  4- 6 |  7- 9 | 10-12 || total
-------------------------+-------+-------+-------+-------++-------
Melee: Unarmed           |   130 |   153 |   217 |    43 ||   543
       Punch             |     3 |     9 |    16 |    14 ||    42
       Dagger            |       |       |       |   110 ||   110
 Cast: Blink             |       |       |     5 |     5 ||    10
Evoke: Wand              |       |       |    15 |     7 ||    22
  Use: Scroll            |     2 |     3 |     7 |     2 ||    14
       Potion            |       |       |     1 |     2 ||     3
 Stab: Sleeping          |     2 |       |     5 |     1 ||     8
Armor: Robe              |    54 |    40 |    38 |    43 ||   175
Dodge: Dodged            |    61 |    46 |   109 |    66 ||   282
